 Dungeon Crawl Stone Soup version 0.22-a0-86-g94e0ad4 (webtiles) character file.

21 nono the Skirmisher (level 2, 0/33 HPs)
             Began as an Ogre Fighter on Jan 21, 2018.
             Slain by a quokka (4 damage)
             ... on level 2 of the Dungeon.
             The game lasted 00:01:04 (807 turns).

nono the Skirmisher (Ogre Fighter)                   Turns: 807, Time: 00:01:05

Health: 0/33       AC:  3    Str: 19    XL:     2   Next: 87%
Magic:  2/2        EV:  8    Int:  9    God:
Gold:   46         SH:  8    Dex:  8    Spells: 1/1 levels left

rFire    . . .     SeeInvis .   a - +0 flail
rCold    . . .     Gourm    .   c - +0 shield
rNeg     . . .     Faith    .   b - +0 robe
rPois    .         Spirit   .   (helmet restricted)
rElec    .         Reflect  .   (no cloak)
rCorr    .         Harm     .   (gloves unavailable)
MR       .....                  (boots unavailable)
Stlth    +.........             (no amulet)
HPRegen  0.11/turn              (no ring)
MPRegen  0.08/turn              (no ring)

@: no status effects
A: large, unfitting armour, tough skin 1
a: no special abilities


You were on level 2 of the Dungeon.
You were not hungry.

You visited 1 branch of the dungeon, and saw 2 of its levels.

You collected 46 gold pieces.

Inventory:

Hand Weapons
 a - a +0 flail (weapon)
Armour
 b - a +0 robe (worn)
 c - a +0 shield (worn)
Jewellery
 j - a +4 ring of strength {unknown}
Scrolls
 g - a scroll of enchant armour {unknown}
 l - a scroll of remove curse {unknown}
Potions
 d - a potion of might
 e - 2 potions of degeneration {unknown}
 h - 2 potions of agility {unknown}
 i - a potion of curing {unknown}
 k - a potion of haste {unknown}
Comestibles
 f - 5 rations


   Skills:
 + Level 4.7 Fighting
 + Level 2.4 Maces & Flails
 - Level 2.6 Dodging
 - Level 2.6 Shields


You had one spell level left.
You didn't know any spells.

Dungeon Overview and Level Annotations

Branches:
Dungeon (2/15)

Altars:
Fedhas


Innate Abilities, Weirdness & Mutations

You are too large for most types of armour.
You have tough skin. (AC +1)


Message History

You are too injured to fight recklessly!
You closely miss the jackal. You block the jackal's attack.
You block the quokka's attack. The jackal bites you.
You barely miss the jackal. The jackal misses you.
You block the quokka's attack.
The jackal bites you but does no damage.
You block the quokka's attack.
Your shield prevents you from hitting the jackal.
The jackal closely misses you. You block the quokka's attack.
The jackal bites you but does no damage.
You hit the jackal but do no damage. The quokka barely misses you.
The jackal bites you. The quokka bites you. The jackal bites you.
* * * LOW HITPOINT WARNING * * *
You closely miss the jackal. You block the jackal's attack.
The quokka bites you but does no damage.
You barely miss the jackal. The jackal bites you.
* * * LOW HITPOINT WARNING * * *
You block the quokka's attack. The jackal barely misses you.
The quokka bites you.
You die...

.# #.# #.# #.# #.###
....
#.#######.####### #.#
....ghr@hh....... ...
#.#######.###### #.#
#.#########.#
#.........#.#
...........###.#.#
##########.###[#.####
#........)...
#....#.#.####
#......†..<..


You could see a quokka, 3 jackals and a hobgoblin.

Vanquished Creatures
  An ooze (D:2)
  A ball python (D:1)
  A giant cockroach (D:1)
  A goblin (D:1)
  4 hobgoblins
  A jackal (D:2)
  A kobold (D:1)
  4 bats
  A leopard gecko skeleton (D:2)
15 creatures vanquished.

Notes
Turn   | Place    | Note
-------+----------+-------------------------------------------
     0 | D:1      | nono the Ogre Fighter began the quest for the Orb.
     0 | D:1      | Reached XP level 1. HP: 24/24 MP: 1/1
   529 | D:1      | Reached XP level 2. HP: 27/33 MP: 2/2
   748 | D:2      | Found a blossoming altar of Fedhas.
   807 | D:2      | Slain by a quokka

Vault maps used:
D:1:      shiori_arrival_oz
D:2:      fedhas_altar_1, first_ration

Skill      XL: |  1 |
---------------+----+-----
Maces & Flails | 2 |  2.4
Fighting       | |  4.7
Dodging        | |  2.6
Shields        | |  2.6

Action                   || total
-------------------------++-------
Melee: Flail             ||    66
Armor: Robe              ||    25
Dodge: Dodged            ||    31
Block: Shield            ||    41

Table legend:
 A = Spawn XP
 B = Non-spawn XP
 C = Spawn XP percentage of total XP
 D = Spawn monster count
 E = Non-spawn monster count
 F = Spawn count percentage of total count
 G = Total turns spent on level
                    A         B        C        D         E        F      G
               +---------+---------+-------+---------+---------+-------+---------
         Total |       0 |      31 |   0.0 |       0 |      15 |   0.0 |   807
               +---------+---------+-------+---------+---------+-------+---------
           D:1 |       0 |      17 |   0.0 |       0 |      10 |   0.0 |   748
           D:2 |       0 |      14 |   0.0 |       0 |       5 |   0.0 |    59
               +---------+---------+-------+---------+---------+-------+---------
